 Dungeon Crawl Stone Soup version 0.31-a0-1010-g5322dac6a2 (webtiles) character file.

Game seed: 10351386341581145260

208 sking99 the Ruffian (level 5, -12/27 HPs)
             Began as a Draconian Shapeshifter on Nov 16, 2023.
             Was a Believer of Makhleb.
             Mangled by an ogre
             ... wielding a +0 giant club
              (23 damage)
             ... on level 4 of the Dungeon.
             The game lasted 00:07:31 (2693 turns).

sking99 the Ruffian (Draconian Shapeshifter)        Turns: 2693, Time: 00:07:31

Health: -12/27     AC:  6    Str: 24    XL:     5   Next: 55%
Magic:  6/6        EV: 12    Int: 10    God:    Makhleb [**....]
Gold:   151        SH:  0    Dex: 11    Spells: 4/4 levels left

rFire   . .          .
                       - Unarmed
rCold   . . .        (shield currently unavailable)
rNeg    . . .        (body armour unavailable)
rPois   .            (helmet restricted)
rElec   .            g - +0 cloak
rCorr   .            (no gloves)
SInv    .            (no boots)
Will    .....        (no amulet)
Stlth   +            k - +6 ring of strength
HPRegen 0.24/turn    (no ring)
MPRegen 0.10/turn

%: no passive effects
@: flux-form, glowing
A: glow, contaminating, reduced hp, AC +5, unfitting armour, cold-blooded
a: Begin Untransformation, Renounce Religion, Minor Destruction


You were on level 4 of the Dungeon.
You worshipped Makhleb.
Makhleb was pleased with you.
You were something dangerously unstable.
You visited 1 branch of the dungeon, and saw 4 of its levels.

You collected 151 gold pieces.

Inventory:

Missiles
 j - 11 javelins
Armour
 g - a +0 cloak (worn)
 p - a scarf of repulsion
Jewellery
 k - a +6 ring of strength (left hand)
Talismans
 b - a beast talisman
 c - a flux talisman (active)
 f - a flux talisman (active)
Scrolls
 d - a scroll of noise {unknown}
 e - 6 scrolls of identify {unknown}
 h - 4 scrolls of teleportation {unknown}
 m - a scroll of fog {unknown}
 o - a scroll of silence {unknown}
Potions
 a - a potion of lignification
 i - 4 potions of might {unknown}
 l - 3 potions of heal wounds {unknown}
 n - a potion of curing {unknown}


   Skills:
 + Level 2.6 Fighting
 + Level 2.7 Dodging
 * Level 4.4 Unarmed Combat
 + Level 1.7 Invocations
 + Level 3.6 Shapeshifting


You had 4 spell levels left.
You didn't know any spells.
Your spell library contained the following spells:

 Spells                   Type           Power      Damage    Failure   Level
 Tukima's Dance           Hex            0%         N/A       75%         3
 Passage of Golubria      Tloc           0%         N/A       98%         4
 Yara's Violent Unravell  Hex/Tmut       0%         3d3       100%        5


Dungeon Overview and Level Annotations

Branches:
Dungeon (4/15)
 Temple: D:4-7

Altars:
Makhleb


Innate Abilities, Weirdness & Mutations

You are something dangerously unstable.
You glow with magical radiation, making you easy to see and hit.
Foes you strike become dangerously contaminated with magical radiation.
Your maximum health is decreased, since you lack skill for your form.
You are incapable of wielding weapons or throwing items.
Your plain brown scales are hard. (AC +5)
You cannot fit into any form of body armour.
You are cold-blooded and may be slowed by cold attacks.


Message History

You tail-slap the orc, but do no damage.
The orc is moderately wounded.
The orc hits you with a +0 club.
You barely miss the orc.
The orc is moderately wounded.
There is a stone staircase leading up here.
Things that are here:
a +0 dagger; a +0 leather armour Unknown command.
The orc stops glowing.
You climb upwards.
There is a stone staircase leading down here.
You start resting.
Magic restored.
You start resting.
HP restored.
You climb downwards.
The orc wizard hits you but does no damage. x2
There is a stone staircase leading up here.
Things that are here:
a +0 leather armour; a +0 dagger You hit the orc wizard.
The orc wizard begins to glow.
You tail-slap the orc wizard, but do no damage.
The orc wizard is moderately wounded.
The orc wizard hits you but does no damage.
You hit the orc wizard but do no damage.
The orc wizard glows dangerously bright.
The orc wizard is moderately wounded.
The orc wizard hits you with a +0 dagger.
You hit the orc wizard but do no damage.
The orc wizard shudders as magic cascades through it!!
You kill the orc wizard!
Makhleb accepts your kill.
You hit the ogre.
The ogre begins to glow.
The ogre is moderately wounded.
The orc priest mumbles some strange prayers to Beogh against you.
Beogh smites you!
The ogre hits you with a +0 giant club!!
Ouch! That really hurt!
You die...

#. #. ... #. #. .
.# #. . .. #.# #.
#####.# ..##.# #
#.##.# .####.###
#p##.##........#
#O##.#.#.......#
#[##.)##.W.....#
#o##[###.......#
#o..#.##.......##.
###.##o#..........
#.###........#
#.##..o.....###
#.##..#.......#


You could see an ogre (contam), an orc priest and an orc.

Vanquished Creatures
  A phantom (D:4)
  A hound (D:3)
  An orc wizard (D:4)
  An adder (D:2)
  2 worms (D:3)
  2 dart slugs (D:1)
  4 orcs (D:4)
  4 bats
  9 endoplasms
  5 giant cockroaches
  6 goblins
  A hobgoblin (D:1)
  3 jackals (D:4)
  2 quokkas (D:3)
  5 ball pythons
  8 kobolds
  4 rats
59 creatures vanquished.

Notes
Turn   | Place    | Note
-------+----------+-------------------------------------------
     0 | D:1      | sking99 the Draconian Shapeshifter began the quest for the
                  | Orb.
     0 | D:1      | Reached XP level 1. HP: 16/16 MP: 1/1
   148 | D:1      | Reached XP level 2. HP: 23/23 MP: 2/2
   201 | D:1      | Found a faded altar of an unknown god.
   211 | D:1      | Prayed at the altar of an unknown god.
   211 | D:1      | Became a worshipper of Makhleb the Destroyer
   211 | D:1      | Reached * piety under Makhleb
   842 | D:2      | Reached XP level 3. HP: 29/29 MP: 3/3
  1564 | D:3      | Identified the +1 buckler "Besievvaxt" {rF+ rN+ rCorr}
  2129 | D:3      | Reached XP level 4. HP: 31/36 MP: 4/4
  2373 | D:3      | Reached skill level 4 in Unarmed Combat
  2373 | D:3      | Reached skill level 1 in Invocations
  2442 | D:4      | Noticed a phantom
  2527 | D:4      | Reached ** piety under Makhleb
  2565 | D:4      | Noticed an ogre
  2617 | D:4      | Killed a phantom
  2618 | D:4      | Reached XP level 5. HP: 26/42 MP: 4/6
  2693 | D:4      | Mangled by an ogre

Illustrated notes

Levels and vault maps discovered:
D:1:      erik_arrival_triangle_huge, layout_rooms,
          hellmonk_ecumenical_altar_inner_sanctum
D:2:      layout_basic, kennysheep_cross_room
D:3:      layout_loops_corners
D:4:      layout_loops_ring, evilmike_ruin_ashenzari,
          mainiacjoe_overflow_alcove_1, nicolae_vehumet_altar_sigil

Skill      XL: |  1  2  3  4 |
---------------+-------------+-----
Dodging        | 2 |  2.7
Fighting       | 2 |  2.6
Unarmed Combat | 4 |  4.4
Invocations    | 1 |  1.7
Shapeshifting  | |  3.6

Action                     |  1- 3 |  4- 6 || total
---------------------------+-------+-------++-------
  Melee: Unarmed           |   113 |    52 ||   165
         Tailslap          |     7 |     6 ||    13
         Punch             |     1 |       ||     1
Ability: Begin Untransform |     1 |       ||     1
   Stab: Sleeping          |     2 |     1 ||     3
 Armour: Skin              |    67 |    27 ||    94
  Dodge: Dodged            |    37 |    26 ||    63
   Form: Beast             |     2 |       ||     2
         Flux              |       |     1 ||     1

Table legend: (Time is in decaauts)
 A = Elapsed time spent in this place.
 B = Non-inter-level travel time spent in this place.
 C = Inter-level travel time spent in this place.
 D = Time resting spent in this place.
 E = Time spent auto-exploring this place.
 F = Levels seen in this place.
 G = Mean time per level.
                   A        B        C        D        E       F      G
               +--------+--------+--------+--------+--------+-----+--------+
         Total |   2687 |   2489 |    198 |    129 |   1873 |   4 |  671.8 |
       Dungeon |   2687 |   2489 |    198 |    129 |   1873 |   4 |  671.8 |
               +--------+--------+--------+--------+--------+-----+--------+

Top non-repeatable levels by time:
     D:3: 1105 daAuts
     D:2: 888 daAuts
     D:1: 569 daAuts
     D:4: 124 daAuts
